 Dungeon Crawl Stone Soup version 0.19.1-1-g22dce08 (webtiles) character file.

229 hangover the Chopper (level 6, -8/53 HPs)
             Began as a Hill Orc Monk on Jan 3, 2017.
             Mangled by an ogre
             ... wielding a +0 giant club
              (27 damage)
             ... on level 4 of the Dungeon.
             The game lasted 00:25:01 (2374 turns).

hangover the Chopper (Hill Orc Monk)                Turns: 2374, Time: 00:25:05

Health: -8/53      AC:  8    Str: 16    XL:     6   Next: 3%
Magic:  6/6        EV: 12    Int: 13    God:
Gold:   226        SH:  0    Dex: 13    Spells: 0 memorised, 5 levels left

rFire  . . .     SeeInvis .     a - +0 hand axe
rCold  . . .     Gourm    .     n - +0 ring mail
rNeg   . . .     Faith    .     (no shield)
rPois  .         Spirit   .     d - +2 helmet {Int+3}
rElec  .         Reflect  .     (no cloak)
rCorr  .         Harm     .     (no gloves)
MR     .....                    (no boots)
Stlth  +.........               (no amulet)
                                (no ring)
                                (no ring)

@: no status effects
A: no striking features
a: no special abilities


You were on level 4 of the Dungeon.
You were not hungry.

You visited 1 branch of the dungeon, and saw 5 of its levels.

You collected 226 gold pieces.

Inventory:

Hand Weapons
 a - a +0 hand axe (weapon)
 i - a +1 dagger of flaming
Missiles
 e - 6 tomahawks (quivered)
Armour
 d - a +2 helmet of intelligence (worn)
 j - a +0 leather armour
 n - a +0 ring mail (worn)
 r - a +0 chain mail
 s - the -4 helmet of Lyfaamm {Str+2}
   (You took it off Robin on level 4 of the Dungeon)

   It affects your strength (+2).
 t - a +0 scale mail
Scrolls
 k - 3 scrolls of remove curse
 m - 2 scrolls of identify {unknown}
Potions
 h - 2 potions of flight {unknown}
 l - 2 potions of curing
 q - a potion of degeneration {unknown}
Comestibles
 b - 2 meat rations
 c - 4 bread rations
 f - 2 slices of pizza
 g - a beef jerky
 o - a chunk of flesh


   Skills:
 + Level 4.4 Fighting
 + Level 6.1 Axes
 + Level 2.5 Armour
 + Level 3.3 Dodging
 + Level 1.9 Stealth


You had 5 spell levels left.
You didn't know any spells.

Dungeon Overview and Level Annotations

Branches:
Dungeon (5/15)
 Temple: D:4-7

Altars:
Ru

Annotations:
D:2 Terence
D:4 kraedy's ghost, amateur GrFi
D:5 Edmund


Message History

Edmund hits you with a flail of crushing.
There is an open door here.
There is an open door here.
You see here a meat ration.
Edmund hits you with a flail of crushing!
As you read the scroll of teleportation, it crumbles to dust.
You feel strangely unstable.
Edmund hits you with a flail of crushing!
* * * LOW HITPOINT WARNING * * *
x2 An ogre comes into view. It is wielding a giant club.
Your surroundings suddenly seem different.
There is a stone staircase leading down here.
There is a stone staircase leading up here.
You climb upwards.
Level annotation: kraedy's ghost, amateur GrFi An ogre comes into view.
It is wielding a giant club.
The ogre shouts!
The ogre hits you with a giant club!!
Ouch! That really hurt!
You die...

# #.#.# #+##
#.#.## #.....
###.#.##
#....##
####.....##
..........###..
#.............
#....@..#
##...O.##
##...## ##.##
##


You could see an ogre.

Vanquished Creatures
  A black bear (D:4)
  Robin (D:4)
  4 adders
  2 oozes
  An adder skeleton (D:5)
  2 worms
  2 orcs
  A ball python (D:4)
  7 bats
  3 giant cockroaches (D:2)
  8 hobgoblins
  11 jackals
  7 kobolds
  2 quokkas (D:3)
  2 frilled lizards
  8 goblins
  6 rats
68 creatures vanquished.

Notes
Turn   | Place    | Note
-------+----------+-------------------------------------------
     0 | D:1      | hangover the Hill Orc Monk began the quest for the Orb.
     0 | D:1      | Reached XP level 1. HP: 19/19 MP: 1/1
    36 | D:1      | Reached XP level 2. HP: 20/26 MP: 2/2
   473 | D:2      | Reached XP level 3. HP: 30/33 MP: 3/3
   930 | D:2      | Reached skill level 5 in Axes
   930 | D:2      | Reached XP level 4. HP: 33/40 MP: 4/4
  1067 | D:2      | Noticed Terence
  1146 | D:3      | Noticed a black bear
  1167 | D:4      | HP: 2/40 [black bear (4)]
  1170 | D:4      | Killed a black bear
  1170 | D:4      | Reached XP level 5. HP: 8/46 MP: 5/5
  1922 | D:4      | Noticed an ogre
  1973 | D:5      | Entered Level 5 of the Dungeon
  2115 | D:5      | Found a sacrificial altar of Ru.
  2218 | D:4      | Noticed Robin
  2231 | D:4      | Killed Robin
  2231 | D:4      | Reached skill level 6 in Axes
  2231 | D:4      | Reached XP level 6. HP: 53/53 MP: 6/6
  2248 | D:4      | Got a slimy helmet
  2259 | D:4      | Identified the -4 helmet of Lyfaamm {Str+2} (You took it off Robin on level 4 of the Dungeon)
  2295 | D:4      | Noticed Edmund
  2296 | D:4      | Noticed kraedy's ghost (amateur GrFi)
  2374 | D:4      | Mangled by an ogre

Skill      XL: |  1  2  3  4  5 |
---------------+----------------+-----
Dodging        | 3 |  3.3
Axes           | 5 6 |  6.1
Fighting       | 4 |  4.4
Armour         | 2 |  2.5
Stealth        | |  1.9

Action                   |  1- 3 |  4- 6 || total
-------------------------+-------+-------++-------
Melee: Hand axe          |   146 |   139 ||   285
Throw: Tomahawk          |       |     1 ||     1
  Use: Scroll            |     3 |     1 ||     4
       Potion            |     2 |     1 ||     3
 Stab: Sleeping          |     1 |     3 ||     4
  Eat: Chunk             |       |     5 ||     5
Armor: Robe              |    15 |       ||    15
       Leather armour    |    39 |    29 ||    68
       Skin              |    16 |       ||    16
       Ring mail         |       |    26 ||    26
Dodge: Dodged            |   144 |   120 ||   264
